[Event "ICCopen2016"]
[Site "Internet Chess Club"]
[Date "2016.06.04"]
[Round "1"]
[White "shredded"]
[Black "daskapitallesen"]
[Result "1-0"]
[ICCResult "Black forfeits on time"]
[WhiteElo "2797"]
[BlackElo "1794"]
[Opening "QGD Slav defense"]
[ECO "D10"]
[NIC "SL.01"]
[Time "14:03:10"]
[TimeControl "180+0"]

1. d4 d5 2. c4 c6 3. Nc3 Nf6 4. e3 Bf5 5. cxd5 cxd5 6. Qb3 Nc6 7. Qxb7 Bd7
8. Qb3 Rb8 9. Qd1 e5 10. Nf3 e4 11. Ne5 Bd6 12. Nxc6 Bxc6 13. Be2 O-O 14. b3
Qc7 15. Bd2 Ba8 16. h3 Rfc8 17. Rc1 Ba3 18. Rc2 Qd6 19. Nb5 Qe7 20. Nxa3
Qxa3 21. O-O Bb7 22. Qc1 Qd6 23. Qb2 Rxc2 24. Qxc2 Rc8 25. Qb2 Ba6 26. Bb4
Qb6 27. Bc5 Qb7 28. Rc1 Bxe2 29. Qxe2 Nd7 30. b4 a6 31. a4 Nxc5 32. bxc5 a5
33. Qb5 Qc7 34. Rb1 h6 35. Qb7 Qd8 36. Qb6 Qg5 37. Qxa5 {Black forfeits on
time} 1-0

[Event "ICCopen2016"]
[Site "Internet Chess Club"]
[Date "2016.06.04"]
[Round "1"]
[White "Commando"]
[Black "jonesey"]
[Result "1-0"]
[ICCResult "Black forfeits on time"]
[WhiteElo "2677"]
[BlackElo "1753"]
[Opening "Réti opening"]
[ECO "A04"]
[NIC "QP.11"]
[Time "14:03:07"]
[TimeControl "180+0"]

1. Nf3 g6 2. g3 Bg7 3. Bg2 e5 4. d3 d6 5. e4 Nc6 6. O-O Nge7 7. c3 O-O 8. d4
Kh8 9. h3 f5 10. dxe5 Nxe5 11. Nxe5 Bxe5 12. Bh6 Rf7 13. Nd2 fxe4 14. Nxe4
Bg7 15. Ng5 Rf8 16. Bxg7+ Kxg7 17. Qd4+ Kg8 18. Qh4 h5 19. Ne4 Nf5 20. Qf4
Bd7 21. Ng5 Qf6 22. h4 Bc6 23. Bxc6 bxc6 24. Rfe1 Rae8 25. Ne4 Qe7 26. Qg5
{Black forfeits on time}
1-0

[Event "ICCopen2016"]
[Site "Internet Chess Club"]
[Date "2016.06.04"]
[Round "1"]
[White "nadalthegreat"]
[Black "Danya"]
[Result "0-1"]
[ICCResult "White checkmated"]
[WhiteElo "1912"]
[BlackElo "3035"]
[Opening "Benko's opening"]
[ECO "A00"]
[NIC "VO.09"]
[Time "14:02:59"]
[TimeControl "180+0"]

1. g3 e5 2. Bg2 d5 3. c4 d4 4. d3 Nc6 5. Bd2 a5 6. Nf3 Nf6 7. O-O Be7 8. e3
dxe3 9. Bxe3 O-O 10. Nc3 Bf5 11. Qb3 Bxd3 12. Rfd1 e4 13. Ne1 Nd4 14. Bxd4
Qxd4 15. Nxe4 Nxe4 16. Nxd3 Nd6 17. Nf4 Qxc4 18. Qxc4 Nxc4 19. b3 Nd6 20.
Nd5 Bd8 21. Rac1 c6 22. Nf4 Bc7 23. Rd2 Rad8 24. Rcd1 Nb5 25. Rd7 Rxd7 26.
Rxd7 Rd8 27. Rxd8+ Bxd8 28. Nd3 Be7 29. Kf1 Nc3 30. a4 f6 31. Ke1 Kf7 32.
Kd2 Nd5 33. Nb2 Bc5 34. f4 Ne3 35. Bh3 f5 36. Nc4 Nxc4+ 37. bxc4 Kf6 38. Kd3
Bg1 39. g4 g6 40. g5+ Ke6 41. Bg2 Bxh2 42. Ke3 Kd6 43. Bf3 Kc5 44. Kd3 Bxf4
45. Kc3 Bxg5 46. Kd3 Kb4 47. Bg2 Kxa4 48. Kc3 Bf6+ 49. Kd3 Kb4 50. Bf1 a4
51. Bg2 a3 52. c5 a2 53. Bd5 cxd5 54. c6 bxc6 55. Ke3 a1=Q 56. Kf4 Qe5+ 57.
Kf3 Kc3 58. Kf2 Kd2 59. Kf1 Qf4+ 60. Kg1 Bd4+ 61. Kh1 Qf1+ 62. Kh2 Be5#
{White checkmated}
0-1

[Event "ICCopen2016"]
[Site "Internet Chess Club"]
[Date "2016.06.04"]
[Round "1"]
[White "B-Amin"]
[Black "florish"]
[Result "1-0"]
[ICCResult "Black resigns"]
[WhiteElo "2931"]
[BlackElo "1877"]
[Opening "Robatsch (modern) defense"]
[ECO "B07"]
[NIC "VO.17"]
[Time "14:02:35"]
[TimeControl "180+0"]

1. e4 d6 2. d4 g6 3. Nc3 Bg7 4. Bg5 c6 5. Qd2 b5 6. f4 Nd7 7. Nf3 a6 8. e5
Nb6 9. Ne4 Bg4 10. Nxd6+ Kf8 11. Ne4 Bxf3 12. gxf3 h6 13. Bh4 Nd5 14. c3 Qc7
15. Nc5 e6 16. Bd3 Nge7 17. Rg1 a5 18. a4 b4 19. c4 Nb6 20. b3 Rd8 21. Bxg6
Nxg6 22. Bxd8 Qxd8 23. Rxg6 Qh4+ 24. Rg3 h5 25. O-O-O Bh6 26. Nd3 Ke7 27.
Kc2 Rd8 28. Qf2 Bxf4 29. Nxf4 Qxf4 30. Qd2 Qf5+ 31. Kc1 c5 32. Qg5+ Qxg5+
33. Rxg5 cxd4 34. Rxh5 d3 35. Rg5 Rh8 36. Rg2 Nd7 37. Rxd3 Nxe5 38. Re3 Nd7
39. f4 Kf6 40. f5 exf5 41. Rd2 Nc5 42. Rd6+ Kg5 43. Rd5 Ne4 44. Rxe4 Rxh2
45. Ree5 Kg4 46. Rxf5 Rh1+ 47. Kd2 Rh2+ 48. Kd3 Rh3+ 49. Kd4 Rxb3 50. Rxf7
Rb1 51. Rxa5 Rd1+ 52. Kc5 b3 53. Ra8 Kg5 54. Rg8+ Kh6 55. Rf3 Rh1 56. Rh8+
Kg5 57. Rxh1 Kg4 58. Rxb3 Kf4 59. a5 Ke4 60. a6 Kf4 61. a7 Kg4 62. a8=Q Kf4
63. Rf3+ {Black resigns} 1-0

[Event "ICCopen2016"]
[Site "Internet Chess Club"]
[Date "2016.06.04"]
[Round "1"]
[White "ol4ik"]
[Black "ivancele"]
[Result "1-0"]
[ICCResult "Black forfeits on time"]
[WhiteElo "2229"]
[BlackElo "1534"]
[Opening "Pirc: classical (two knights) system"]
[ECO "B08"]
[NIC "PU.07"]
[Time "14:02:46"]
[TimeControl "180+0"]

1. e4 d6 2. d4 Nf6 3. Nc3 g6 4. Nf3 c6 5. Be3 Qc7 6. h3 Bg7 7. Bd3 e5 8. Qd2
O-O 9. dxe5 dxe5 10. Bh6 b5 11. Qg5 Nbd7 12. O-O-O Bb7 13. Bxg7 Kxg7 14. Nh4
Kh8 15. f3 Rae8 16. g4 Bc8 17. Ne2 a6 18. Kb1 c5 19. c4 b4 20. Ng3 Qd8 21.
Bc2 Qe7 22. Ngf5 Qe6 23. Rd6 Qxc4 24. Rxf6 gxf5 25. Rh6 Rg8 26. Qxf5 Rg7 27.
Rd1 Nf8 28. Qf6 Qe6 29. Qxe6 Bxe6 30. Nf5 {Black forfeits on time} 1-0

[Event "ICCopen2016"]
[Site "Internet Chess Club"]
[Date "2016.06.04"]
[Round "1"]
[White "MischukDL"]
[Black "blackending"]
[Result "0-1"]
[ICCResult "White forfeits on time"]
[WhiteElo "2498"]
[BlackElo "1698"]
[Opening "King's Indian: orthodox, 7...Nbd7"]
[ECO "E94"]
[NIC "KI.12"]
[Time "14:03:09"]
[TimeControl "180+0"]

1. d4 Nf6 2. c4 g6 3. Nc3 Bg7 4. e4 d6 5. Nf3 O-O 6. Be2 Nbd7 7. O-O e5 8.
d5 a5 9. Re1 Nc5 10. Bf1 Nfd7 11. Rb1 f5 12. Ng5 f4 13. Ne6 Nxe6 14. dxe6
Nc5 15. a3 a4 16. Nb5 Bxe6 17. Bd2 Kh8 18. Bb4 b6 19. Bxc5 bxc5 20. Nc3 Qd7
21. Nb5 g5 22. f3 h5 23. Bd3 g4 24. Be2 Rg8 25. Kh1 Bf6 26. Rf1 Rg7 27. Nc3
gxf3 28. Bxf3 h4 29. Nd5 Bxd5 30. exd5 h3 {White forfeits on time} 0-1

[Event "ICCopen2016"]
[Site "Internet Chess Club"]
[Date "2016.06.04"]
[Round "1"]
[White "nevidimka"]
[Black "mrneale"]
[Result "1-0"]
[ICCResult "Black checkmated"]
[WhiteElo "1996"]
[BlackElo "1233"]
[Opening "Queen's pawn: Torre attack"]
[ECO "A45"]
[NIC "QP.04"]
[Time "14:03:35"]
[TimeControl "180+0"]

1. d4 Nf6 2. Bg5 e6 3. Nf3 Be7 4. Nbd2 h6 5. Bf4 O-O 6. e3 d6 7. h3 Nc6 8.
Be2 Bd7 9. O-O Nh7 10. Nc4 Ng5 11. a4 Nxf3+ 12. Bxf3 Bg5 13. Bh2 Re8 14. d5
Ne7 15. e4 exd5 16. exd5 Ng6 17. Re1 Rxe1+ 18. Qxe1 Qf6 19. Qc3 Qxc3 20.
bxc3 Re8 21. a5 Ne5 22. Nxe5 dxe5 23. c4 Bf4 24. Bxf4 exf4 25. c5 Re5 26. c4
b6 27. axb6 axb6 28. Ra7 Bf5 29. Rxc7 Bd3 30. cxb6 Bxc4 31. b7 Re8 32. Rxc4
Rb8 33. d6 Kf8 34. Rc8+ Rxc8 35. bxc8=Q# {Black checkmated} 1-0

[Event "ICCopen2016"]
[Site "Internet Chess Club"]
[Date "2016.06.04"]
[Round "1"]
[White "dhar2603"]
[Black "Eros"]
[Result "1-0"]
[ICCResult "Black forfeits on time"]
[WhiteElo "1825"]
[BlackElo "2752"]
[Opening "English opening"]
[ECO "A20"]
[NIC "EO.24"]
[Time "14:02:26"]
[TimeControl "180+0"]

1. c4 e5 2. g3 Nf6 3. Bg2 Nc6 4. Nc3 Bb4 5. Nd5 Bc5 6. Nf3 d6 7. O-O h6 8.
d3 O-O 9. Rb1 a5 10. a3 a4 11. Nc3 Re8 12. Nxa4 Ba7 13. Nc3 Nd4 14. Nxd4
Bxd4 15. Bd2 c6 16. e3 Ba7 17. Qc2 Bf5 18. Rfd1 Qd7 19. Ne4 Nh7 20. Bb4 Bb8
21. Bc3 Bg4 22. Re1 Ba7 23. b4 f5 24. Nd2 Ng5 25. d4 e4 26. h4 Nh3+ 27. Bxh3
Bxh3 28. Kh2 Bg4 29. d5 cxd5 30. cxd5 Rac8 31. Qb2 Rc7 32. Bd4 Bxd4 33. Qxd4
Rec8 34. b5 Qf7 35. Nb3 Rc4 36. Qb6 Rc2 37. Kg1 Bh3 38. Nd4 Qh5 39. Qxd6 Kh7
40. Qf4 R2c4 41. d6 Bg4 42. d7 Rd8 43. Ne6 Qf7 44. Nxd8 Qxd7 45. Nxb7 Qxb7
46. Rbd1 Bxd1 47. Rxd1 Qxb5 48. a4 Rxa4 49. Rd8 Ra7 50. Qd6 Rf7 51. Qd5 Qxd5
52. Rxd5 Kg6 53. Kg2 Kf6 54. Rb5 Ke6 55. Rb6+ Ke7 56. Rb5 Ke6 57. Rb6+ Kd5
58. Rb5+ Kc4 59. Rb2 Kd3 60. Rb1 Kc2 61. Rb6 Kd3 62. Rc6 Kd2 63. Rd6+ Ke2
64. Rc6 Rb7 65. Rc5 Rb2 66. Rxf5 Ke1 67. Rf4 Re2 68. Rxe4 Rxf2+ 69. Kh3 Kf1
70. Rf4 h5 71. Rxf2+ Kxf2 72. g4 Kf3 73. gxh5 Kxe3 74. Kg4 Ke4 75. Kg5 Ke5
76. Kg6 Ke6 77. Kg5 {Black forfeits on time} 1-0

[Event "ICCopen2016"]
[Site "Internet Chess Club"]
[Date "2016.06.04"]
[Round "1"]
[White "Colombiano07"]
[Black "TIGRANO"]
[Result "0-1"]
[ICCResult "White resigns"]
[WhiteElo "1942"]
[BlackElo "3163"]
[Opening "Modern defense"]
[ECO "A40"]
[NIC "QO.17"]
[Time "14:03:53"]
[TimeControl "180+0"]

1. d4 g6 2. Bf4 Bg7 3. e3 d6 4. Nf3 Nd7 5. Be2 Ngf6 6. O-O Nh5 7. Bg5 h6 8.
Bh4 g5 9. Nfd2 Nhf6 10. Bg3 O-O 11. c3 e5 12. a4 Qe7 13. a5 a6 14. Na3 Nh7
15. f4 f5 16. Nac4 e4 17. Qb3 Kh8 18. Qb4 g4 19. Ne5 Qe8 20. Nxd7 Qxd7 21.
c4 Bf6 22. d5 h5 23. c5 h4 24. Be1 Kg7 25. Nc4 dxc5 26. Qxc5 Qe7 27. Qxe7+
Bxe7 28. Bc3+ Bf6 29. Rfc1 Bd7 30. Ne5 Bb5 31. Bxb5 axb5 32. Nd7 Bxc3 33.
Rxc3 Rfc8 34. b4 Ra6 35. Rac1 Rd6 36. Rxc7 Rxc7 37. Rxc7 Nf6 38. Nxf6+ Kxf6
39. Rxb7 Rxd5 40. a6 Rd1+ 41. Kf2 Ra1 42. a7 Ra2+ 43. Ke1 Ke6 44. Kd1 Kd6
45. Kc1 Kc6 46. Rf7 Kd5 47. Kb1 Ra4 48. Kc2 Kc4 49. Rxf5 Rxa7 50. Re5 Ra2+
51. Kb1 Rxg2 52. Rxe4+ Kb3 53. Kc1 Rxh2 54. f5 g3 55. Rg4 g2 56. f6 Rh1+ 57.
Kd2 g1=Q 58. Rxg1 Rxg1 59. Ke2 Rg6 {White resigns} 0-1

[Event "ICCopen2016"]
[Site "Internet Chess Club"]
[Date "2016.06.04"]
[Round "1"]
[White "austin5621499"]
[Black "MasterDanielX"]
[Result "0-1"]
[ICCResult "White forfeits on time"]
[WhiteElo "1264"]
[BlackElo "2037"]
[Opening "French: advance, Paulsen attack"]
[ECO "C00"]
[NIC "FR.01"]
[Time "14:02:46"]
[TimeControl "180+0"]

1. e4 e6 2. Nf3 d5 3. e5 c5 4. c3 Nc6 5. d4 cxd4 6. cxd4 f6 7. exf6 Nxf6 8.
Be3 Bb4+ 9. Nbd2 O-O 10. a3 Bd6 11. h3 e5 12. Be2 e4 13. Nh2 Qb6 14. O-O
Nxd4 15. Nb1 Nxe2+ 16. Qxe2 Qc7 17. Nc3 Bxh2+ 18. Kh1 Be5 19. f4 exf3 20.
Rxf3 d4 21. Nb5 Qb6 22. Bg5 Re8 23. Bxf6 gxf6 24. Rg3+ Kh8 25. a4 Bd7 26.
Rb3 Bxb5 27. Rxb5 Qc6 28. Qh5 Rg8 {White forfeits on time} 0-1

[Event "ICCopen2016"]
[Site "Internet Chess Club"]
[Date "2016.06.04"]
[Round "1"]
[White "Eccebombo"]
[Black "BlueJ"]
[Result "1-0"]
[ICCResult "Black forfeits on time"]
[WhiteElo "1510"]
[BlackElo "2140"]
[Opening "Sicilian: Alapin's variation (2.c3)"]
[ECO "B22"]
[NIC "SI.47"]
[Time "14:03:00"]
[TimeControl "180+0"]

1. e4 c5 2. c3 Nf6 3. e5 Nd5 4. d4 cxd4 5. Nf3 e6 6. cxd4 d6 7. Bc4 Be7 8.
Bxd5 exd5 9. Nc3 Be6 10. Qb3 Qb6 11. O-O Qxb3 12. axb3 dxe5 13. dxe5 Nc6 14.
Bf4 O-O 15. Nb5 Rfd8 16. Rfd1 h6 17. h4 Bg4 18. Bg3 Bxf3 19. gxf3 Rd7 20. f4
d4 21. f5 a6 22. Na3 Bxa3 23. bxa3 Re8 24. Re1 Rd5 25. e6 Rxf5 26. exf7+
Kxf7 27. Rxe8 Kxe8 28. Re1+ Kd7 29. b4 Rf3 30. Kg2 Rxa3 31. Re4 Rb3 32. Rg4
g5 33. hxg5 hxg5 34. Rxg5 Rxb4 35. Rg7+ Ke6 36. Rg5 a5 37. Rh5 a4 38. Rh6+
Kd5 39. Rh8 Kc4 40. Rh1 a3 41. Rc1+ Kd5 42. Ra1 Rb3 43. Kh3 Nb4 44. Kg2 a2
45. Rd1 Rb1 46. Rxd4+ Kxd4 47. Kh3 {Black forfeits on time} 1-0

[Event "ICCopen2016"]
[Site "Internet Chess Club"]
[Date "2016.06.04"]
[Round "1"]
[White "Art"]
[Black "arnav311004"]
[Result "1-0"]
[ICCResult "Black forfeits on time"]
[WhiteElo "2172"]
[BlackElo "1483"]
[Opening "Ruy Lopez: Worrall attack, solid line"]
[ECO "C77"]
[NIC "RL.12"]
[Time "14:02:43"]
[TimeControl "180+0"]

1. e4 e5 2. Nf3 Nc6 3. Bb5 a6 4. Ba4 Nf6 5. Qe2 b5 6. Bb3 Be7 7. O-O d6 8.
c3 O-O 9. d4 Bg4 10. Rd1 exd4 11. cxd4 d5 12. e5 Ne4 13. Nc3 Nxc3 14. bxc3
f6 15. e6 Na5 16. Bc2 Qd6 17. a4 Nc4 18. h3 Bh5 19. g4 Bg6 20. Bf5 Rae8 21.
Nh4 Bxf5 22. Nxf5 Qc6 23. axb5 axb5 24. Bf4 Nd6 25. Bxd6 Bxd6 26. Rd3 g6 27.
Ng3 Re7 28. Re1 Rfe8 29. Re3 Bf4 30. Rf3 Bxg3 31. Rxg3 Rxe6 32. Re3 Rxe3 33.
fxe3 Re4 34. Rf1 Kg7 35. Qf3 Qe6 36. Kg2 Rxe3 37. Qf4 Rxc3 38. Rf2 b4 39. g5
f5 40. h4 Qe5 41. h5 Qe4+ 42. Qxe4 fxe4 43. h6+ Kg8 44. Rf6 b3 45. Re6 b2
46. Re8+ {Black forfeits on time} 1-0

[Event "ICCopen2016"]
[Site "Internet Chess Club"]
[Date "2016.06.04"]
[Round "1"]
[White "Astaneh"]
[Black "oriGinal"]
[Result "1-0"]
[ICCResult "Black checkmated"]
[WhiteElo "2739"]
[BlackElo "1784"]
[Opening "Modern defense"]
[ECO "A42"]
[NIC "OI.07"]
[Time "14:03:06"]
[TimeControl "180+0"]

1. d4 d6 2. c4 g6 3. Nc3 Bg7 4. Nf3 Nd7 5. g3 e5 6. Bg2 Ne7 7. O-O O-O 8.
Re1 h6 9. e3 f5 10. b3 e4 11. Nd2 Nf6 12. Bb2 g5 13. d5 Nd7 14. Rb1 Ne5 15.
Bf1 Qe8 16. Nb5 Qd7 17. Nd4 Qe8 18. Ne6 Bxe6 19. dxe6 N7g6 20. c5 Qxe6 21.
cxd6 cxd6 22. Bc4 d5 23. Bf1 Rac8 24. Bd4 b6 25. Kh1 Rc7 26. Be2 Rfc8 27.
Bb2 f4 28. exf4 gxf4 29. Bf1 fxg3 30. hxg3 Qf5 31. Kg1 Rc2 32. Bg2 Nd3 33.
Bxg7 Nxe1 34. Qxe1 Kxg7 35. Nxe4 dxe4 36. Bxe4 Qe5 37. Bxc2 Qxe1+ 38. Rxe1
Rxc2 39. a4 Rb2 40. Re3 Kf6 41. Kg2 Ne5 42. Rc3 Ke6 43. Rc7 a5 44. Rh7 Rxb3
45. Rxh6+ Kd5 46. Rh5 Ke6 47. f4 Ng4 48. Kh3 Nf2+ 49. Kh4 Nh1 50. g4 Nf2 51.
Re5+ Kf6 52. g5+ Kg6 53. Re6+ Kf5 54. Rf6+ Ke4 55. g6 Rh3+ 56. Kg5 Kf3 57.
Kf5 Rg3 58. Ke6 Ne4 59. f5 Nxf6 60. Kxf6 Rg2 61. Kf7 Rc2 62. f6 Rc7+ 63. Ke6
Rc6+ 64. Kf5 Rc5+ 65. Ke6 Rc4 66. Kf7 Rxa4 67. g7 Rg4 68. g8=Q Rxg8 69. Kxg8
b5 70. f7 b4 71. f8=Q+ Ke4 72. Qc5 Kd3 73. Qxa5 Kc3 74. Qc5+ Kb3 75. Kf7 Ka4
76. Ke6 b3 77. Qc4+ Ka3 78. Kd5 Ka2 79. Qa4+ Kb2 80. Kc4 Kc2 81. Qxb3+ Kd2
82. Qd3+ Ke1 83. Qd4 Ke2 84. Kd5 Kf3 85. Qe4+ Kg3 86. Kd4 Kf2 87. Qe3+ Kg2
88. Ke4 Kf1 89. Qf4+ Kg2 90. Kf5 Kh3 91. Qg4+ Kh2 92. Kf4 Kh1 93. Kf3 Kh2
94. Qg2# {Black checkmated} 1-0

[Event "ICCopen2016"]
[Site "Internet Chess Club"]
[Date "2016.06.04"]
[Round "1"]
[White "nikenwidiartto"]
[Black "Dlugy"]
[Result "0-1"]
[ICCResult "White forfeits on time"]
[WhiteElo "1859"]
[BlackElo "2905"]
[Opening "Sicilian: Grand Prix attack"]
[ECO "B23"]
[NIC "SI.44"]
[Time "14:03:06"]
[TimeControl "180+0"]

1. e4 c5 2. Nc3 Nc6 3. f4 g6 4. Nf3 Bg7 5. Bb5 Nd4 6. O-O Nxb5 7. Nxb5 d5 8.
exd5 a6 9. Nc3 Nf6 10. d4 Nxd5 11. dxc5 Nxc3 12. Qxd8+ Kxd8 13. bxc3 Kc7 14.
Nd4 e6 15. Rb1 Bd7 16. Be3 Rhc8 17. Rb6 Bf8 18. Rfb1 Rcb8 19. Nf3 Ba4 20.
R1b2 Bc6 21. Bd4 f6 22. Nd2 Be7 23. Nc4 a5 24. Nd6 a4 25. a3 Bd8 26. Kf2 Kd7
27. R6b4 Ra7 28. g4 h6 29. h4 f5 30. g5 hxg5 31. hxg5 Ba5 32. Be5 Bxb4 33.
cxb4 Rg8 34. c4 Ke7 35. Rd2 Raa8 36. b5 Be4 37. b6 Bc6 38. Nb5 Rh8 39. Bxh8
Rxh8 40. Nd4 Be4 41. c6 bxc6 42. c5 Rb8 43. Rb2 Bd5 44. Ke3 Kd7 45. Nf3 Rh8
46. Ne5+ Kc8 47. Nxg6 Kb7 48. Ne5 Ka6 49. g6 Rh4 50. g7 Rh3+
{White forfeits on time}
0-1

[Event "ICCopen2016"]
[Site "Internet Chess Club"]
[Date "2016.06.04"]
[Round "1"]
[White "yucatan3000"]
[Black "YKQ"]
[Result "1/2-1/2"]
[ICCResult "White ran out of time and Black has no material to mate"]
[WhiteElo "1748"]
[BlackElo "2552"]
[Opening "Queen's pawn game"]
[ECO "A45"]
[NIC "QP.07"]
[Time "14:03:15"]
[TimeControl "180+0"]

1. d4 Nf6 2. c3 e6 3. Nf3 c5 4. Bg5 h6 5. Bh4 g5 6. Bg3 Qb6 7. Qb3 Nc6 8. e3
d5 9. Nbd2 Ne4 10. Nxe4 dxe4 11. Nd2 Bg7 12. Nxe4 Qxb3 13. axb3 cxd4 14.
Nd6+ Ke7 15. exd4 f5 16. Nxc8+ Rhxc8 17. f4 a6 18. Bd3 Rd8 19. O-O Bf6 20.
Rfe1 Kf7 21. Bc4 Re8 22. fxg5 hxg5 23. d5 exd5 24. Bxd5+ Kg6 25. Bxc6 Rxe1+
26. Rxe1 bxc6 27. Re6 f4 28. Bf2 Kf5 29. Rxc6 a5 30. Rc5+ Ke4 31. Rc6 Be5
32. Rc4+ Kd3 33. Ra4 Ra6 34. b4 g4 35. bxa5 Bc7 36. b4 g3 37. hxg3 fxg3 38.
Bd4 Re6 39. Ra1 Bf4 40. a6 Kc2 41. a7 Bc1 42. Bf2 Rd6 43. Kf1 Rd1+ 44. Ke2
Rd2+ 45. Kf3 gxf2 46. Kg3 f1=Q 47. a8=Q Rxg2+ 48. Qxg2+ Qxg2+ 49. Kxg2 Bd2
50. Ra2+ Kd3 51. Rxd2+ Kxd2 52. b5 Kxc3 53. b6 Kc4 54. b7 Kd4 55. b8=Q Kd3
56. Qd6+ Kc3 57. Qe5+ Kc4
{White ran out of time and Black has no material to mate}
1/2-1/2

[Event "ICCopen2016"]
[Site "Internet Chess Club"]
[Date "2016.06.04"]
[Round "1"]
[White "tangent"]
[Black "ARMCOMPOSER"]
[Result "0-1"]
[ICCResult "White forfeits on time"]
[WhiteElo "1908"]
[BlackElo "3027"]
[Opening "QGD semi-Slav: Stoltz variation"]
[ECO "D45"]
[NIC "SL.08"]
[Time "14:03:58"]
[TimeControl "180+0"]

1. d4 d5 2. c4 c6 3. Nf3 Nf6 4. Nc3 e6 5. e3 Nbd7 6. Qc2 Bd6 7. b3 O-O 8.
Bd3 e5 9. cxd5 cxd5 10. dxe5 Nxe5 11. Nxe5 Bxe5 12. Bb2 d4 13. exd4 Bxd4 14.
O-O-O Qb6 15. Ne4 Bxb2+ 16. Kxb2 Nxe4 17. Bxe4 g6 18. h4 Qf6+ 19. Kb1 h5 20.
f3 a5 21. a4 Be6 22. Rd6 Rad8 23. Rhd1 Rxd6 24. Rxd6 Qe7 25. Rb6 Rc8 26. Qb2
Qxh4 27. Bxg6 Qe1+ 28. Ka2 fxg6 29. Rxb7 Bf7 30. Rb5 Re8 31. Rc5 Qb4 32. Rc7
Qxa4+ 33. Kb1 Re1+ 34. Rc1 Rxc1+ 35. Kxc1 Qxb3 {White forfeits on time} 0-1

[Event "ICCopen2016"]
[Site "Internet Chess Club"]
[Date "2016.06.04"]
[Round "1"]
[White "Freedoom"]
[Black "MoonlightWizard"]
[Result "0-1"]
[ICCResult "White forfeits on time"]
[WhiteElo "1861"]
[BlackElo "2931"]
[Opening "French: King's Indian attack"]
[ECO "C00"]
[NIC "FR.02"]
[Time "14:03:10"]
[TimeControl "180+0"]

1. e4 e6 2. d3 d5 3. e5 c5 4. f4 Nc6 5. Nf3 Qb6 6. c4 Nh6 7. Nc3 d4 8. Ne4
Be7 9. Be2 O-O 10. O-O Bd7 11. Bd2 Qc7 12. b3 f6 13. exf6 Bxf6 14. g3 Be7
15. Nfg5 Nf5 16. Bg4 h6 17. Nh3 e5 18. Qe2 Rae8 19. Rae1 Ne3 20. Bxd7 Qxd7
21. Bxe3 dxe3 22. Kg2 Nd4 23. Qxe3 Nc2 24. Qe2 Nxe1+ 25. Rxe1 Rd8 26. Nef2
Qc6+ 27. Qe4 Qxe4+ 28. Rxe4 Rfe8 29. fxe5 Rd4 30. Kf3 Rxe4 31. Kxe4 Bf6 32.
d4 cxd4 33. Nd3 Bxe5 34. Nxe5 d3 35. Nf2 d2 36. Nd1 g5 37. c5 Kg7 38. Kd5
Kf6 39. Ng4+ Kg6 40. Nge3 Rd8+ 41. Kc4 Kf6 42. b4 Ke5 43. b5 Rd4+ 44. Kc3
Ke4 45. Nc4 Rd3+ 46. Kc2 Rd8 47. Nxd2+ Kd5 48. Nb3 Re8 49. Nc3+ Kc4 50. c6
bxc6 51. bxc6 Rc8 52. Ne4 Kd5 53. Nec5 Rxc6 54. Kd3 Rf6 55. Ke3 Rf1 56. Nd3
Rh1 57. h4 gxh4 58. gxh4 Rh3+ 59. Kd2 Rxh4 60. Nbc1 Kd4 61. Ne2+ Kc4 62. Nf2
Kb4 63. Nd3+ Ka3 64. Ndc1 a5 65. Kd3 Rh3+ 66. Kd2 Rh4 67. Kd3 Rb4 68. Nc3
Rd4+ 69. Kc2 Rd2+ {White forfeits on time} 0-1

[Event "ICCopen2016"]
[Site "Internet Chess Club"]
[Date "2016.06.04"]
[Round "1"]
[White "MorningRunner"]
[Black "Biscuetz"]
[Result "0-1"]
[ICCResult "White checkmated"]
[WhiteElo "2146"]
[BlackElo "1527"]
[Opening "French: Fort Knox variation"]
[ECO "C03"]
[NIC "FR.07"]
[Time "14:02:56"]
[TimeControl "180+0"]

1. e4 e6 2. d4 d5 3. Nd2 dxe4 4. Nxe4 Bd7 5. Nf3 Bc6 6. Bd3 Nd7 7. Qe2 Ngf6
8. Bg5 Be7 9. O-O-O Nxe4 10. Bxe7 Qxe7 11. Bxe4 Bxe4 12. Qxe4 O-O-O 13. Rhe1
Nb6 14. Kb1 Qd7 15. c4 Nxc4 16. Rc1 Qb5 17. Rc2 Na3+ 18. Ka1 Nxc2+ 19. Qxc2
Rd6 20. Ne5 Rxd4 21. Nxf7 Re8 22. Qxh7 Ra4 23. Rc1 Qd5 24. Qb1 Rf8 25. Rd1
Qa5 26. b3 Rxf7 27. bxa4 Qe5+ 28. Qb2 Qxb2+ 29. Kxb2 Rxf2+ 30. Kb3 Rxg2 31.
Rh1 Kd7 32. h4 Rg3+ 33. Kb4 b6 34. a3 c5+ 35. Kc4 Rxa3 36. Rd1+ Ke7 37. Kb5
Rb3+ 38. Ka6 Rb4 39. Kxa7 Rxa4+ 40. Kxb6 Rxh4 41. Kxc5 Kf6 42. Rf1+ Ke5 43.
Rg1 Kf6 44. Rf1+ Kg5 45. Rg1+ Rg4 46. Re1 Kf5 47. Kd6 Re4 48. Rf1+ Rf4 49.
Re1 g5 50. Rxe6 g4 51. Re1 g3 52. Rg1 Kg4 53. Kd5 Kh3 54. Ke5 Rf2 55. Ke4
Kh2 56. Rc1 g2 57. Rc8 g1=Q 58. Rh8+ Kg2 59. Rg8+ Kf1 60. Rxg1+ Kxg1 61. Ke3
Kf1 62. Kd3 Ke1 63. Ke3 Kf1 64. Kd3 Rg2 65. Ke3 Rf2 66. Kd3 Kg1 67. Ke3 Kg2
68. Kd3 Rf3+ 69. Ke4 Kg3 70. Kd4 Rf4+ 71. Ke5 Kg4 72. Kd5 Kf3 73. Ke5 Ke3
74. Kd5 Rh4 75. Ke5 Rh5+ 76. Kf6 Ke4 77. Kg6 Ra5 78. Kf6 Kf4 79. Ke6 Ra6+
80. Kd5 Ra5+ 81. Kc4 Ra6 82. Kd3 Rc6 83. Kd4 Rc7 84. Kd5 Rd7+ 85. Kc5 Rg7
86. Kc4 Rg5 87. Kd4 Kf3 88. Kd3 Rg4 89. Kc3 Kf2 90. Kd3 Re4 91. Kc3 Re3+ 92.
Kd2 Rd3+ 93. Kc2 Re3 94. Kd2 Re2+ 95. Kd3 Re3+ 96. Kd4 Kf3 97. Kd5 Re4 98.
Kc5 Ke3 99. Kd5 Rd4+ 100. Kc6 Kd3 101. Kc5 Rc4+ 102. Kb5 Kc3 103. Kb6 Kd4
104. Kb5 Rc5+ 105. Kb6 Kd5 106. Kb7 Rc6 107. Ka7 Kc5 108. Kb7 Kb5 109. Ka7
Rh6 110. Kb8 Rh7 111. Kc8 Kc6 112. Kd8 Ra7 113. Ke8 Kd6 114. Kd8 Kc6 115.
Kc8 Ra8# {White checkmated} 0-1

[Event "ICCopen2016"]
[Site "Internet Chess Club"]
[Date "2016.06.04"]
[Round "1"]
[White "Mormegil"]
[Black "totus"]
[Result "0-1"]
[ICCResult "White checkmated"]
[WhiteElo "1572"]
[BlackElo "2307"]
[Opening "Pirc: classical (two knights) system"]
[ECO "B08"]
[NIC "PU.10"]
[Time "14:04:12"]
[TimeControl "180+0"]

1. Nf3 d6 2. e4 Nf6 3. Nc3 g6 4. d4 Bg7 5. Be3 O-O 6. Qd2 a6 7. O-O-O b5 8.
Bd3 Bb7 9. e5 b4 10. Ne2 Nd5 11. Bh6 a5 12. Bxg7 Kxg7 13. h4 Nd7 14. h5 Rh8
15. e6 fxe6 16. Ng5 Nf8 17. Nf4 Nxf4 18. Qxf4 Qe8 19. hxg6 Nxg6 20. Nxe6+
Kg8 21. Bxg6 Qxg6 22. d5 Qf6 23. Qg4+ Qg6 24. Qd4 Qf6 25. Rh3 Qxd4 26. Rxd4
Kf7 27. Rf3+ Ke8 28. Nxc7+ Kd7 29. Nxa8 Bxa8 30. c4 bxc3 31. bxc3 Bb7 32. c4
Ba6 33. Rf7 h5 34. g3 Rc8 35. Rff4 a4 36. Kd2 Rb8 37. Kc3 a3 38. Rde4 Rb2
39. Rf7 Rxa2 40. Rexe7+ Kd8 41. Rd7+ Ke8 42. Rde7+ Kd8 43. Rg7 Rxf2 44. Ra7
Rf3+ 45. Kc2 Rf2+ 46. Kb3 Rf3+ 47. Ka2 Bxc4+ 48. Kb1 a2+ 49. Kb2 Bxd5 50.
Rad7+ Kc8 51. Rde7 Rf2+ 52. Kc3 a1=Q+ 53. Kb4 Qd4+ 54. Ka3 Ra2#
{White checkmated}
0-1

[Event "ICCopen2016"]
[Site "Internet Chess Club"]
[Date "2016.06.04"]
[Round "1"]
[White "UAE2002"]
[Black "chadvalley"]
[Result "1-0"]
[ICCResult "Black checkmated"]
[WhiteElo "2023"]
[BlackElo "1239"]
[Opening "Queen's pawn game"]
[ECO "D02"]
[NIC "QP.08"]
[Time "14:05:09"]
[TimeControl "180+0"]

1. d4 d5 2. Nf3 e6 3. Bg5 Be7 4. Bf4 Bd6 5. Bg5 Nf6 6. Nbd2 h6 7. Bh4 g5 8.
Bg3 Nc6 9. c3 Bd7 10. e3 O-O 11. Bd3 Nh7 12. Qc2 f5 13. Be5 Bxe5 14. dxe5
Nxe5 15. Nxe5 Qe8 16. Nxd7 Qxd7 17. O-O-O Qf7 18. f4 g4 19. h3 Qg6 20. hxg4
Qxg4 21. Rxh6 Rf6 22. Rxf6 Nxf6 23. Nf3 Qg7 24. c4 c6 25. Ng5 Ne4 26. Bxe4
fxe4 27. cxd5 cxd5 28. Kb1 Qd7 29. Rc1 Kg7 30. Qc7 Qxc7 31. Rxc7+ Kg6 32.
Nxe6 Kf6 33. Nd4 Rg8 34. Rxb7 Rxg2 35. Rxa7 Rg3 36. a4 Rxe3 37. a5 Rd3 38.
Nc6 e3 39. Re7 d4 40. Nxd4 Rxd4 41. Rxe3 Rxf4 42. Ra3 Rb4 43. a6 Rb8 44. Kc2
Ke6 45. Kc3 Kd6 46. b4 Kc6 47. Kc4 Ra8 48. b5+ Kb6 49. Kb4 Rc8 50. Rc3 Ra8
51. Rc6+ Ka7 52. Ka5 Rb8 53. b6+ Ka8 54. a7 Rd8 55. Ka6 Re8 56. b7#
{Black checkmated}
1-0